 Dungeon Crawl Stone Soup version 0.24.0-37-gcf1ca852f1 (webtiles) character file.

Game seed: 3014170414069033804, levelgen mode: deterministic

34344 Malga the Severer (level 13, -11/119 HPs)
             Began as a Hill Orc Fighter on Nov 22, 2019.
             Was a High Priest of Trog.
             Killed from afar by Josephine (22 damage)
             ... with a ghostly fireball
             ... on level 2 of the Orcish Mines.
             The game lasted 01:17:46 (15412 turns).

Malga the Severer (Hill Orc Fighter)               Turns: 15412, Time: 01:17:48

Health: -11/119    AC:  9    Str: 21    XL:     13   Next: 76%
Magic:  13/13      EV: 10    Int:  3    God:    Trog [*****.]
Gold:   1127       SH: 11    Dex: 10    Spells: 12/12 levels left

rFire    + . .     SeeInvis +   Z - +2 broad axe (chop)
rCold    + . .     Gourm    .   c - +0 shield
rNeg     . . .     Faith    .   Y - +2 robe of Imperfection {+Inv MR+++ Str-3 Int-5}
rPois    +         Spirit   .   I - +0 helmet
rElec    +         Reflect  .   (no cloak)
rCorr    +         Harm     .   C - +0 pair of gloves
MR       +++..                  g - +0 pair of boots
Stlth    +.........             G - amulet of regeneration
HPRegen  0.69/turn              k - ring of poison resistance
MPRegen  0.13/turn              J - ring of see invisible

@: resistant, slowed, heavily drained, very slow
A: talons 1, subdued magic 1
a: Berserk, Trog's Hand, Brothers in Arms, Renounce Religion, Evoke Invisibility


You were on level 2 of the Orcish Mines.
You worshipped Trog.
Trog was extremely pleased with you.
You were not hungry.

You visited 4 branches of the dungeon, and saw 21 of its levels.

You collected 1348 gold pieces.
You spent 221 gold pieces at shops.

Inventory:

Hand Weapons
 d - a +2 scythe of slicing
 y - a +4 war axe of venom
 M - a +1 vampiric trident
 O - a +2 battleaxe of electrocution
 P - a +1 halberd of freezing
 Z - a +2 broad axe of chopping (weapon)
Missiles
 v - 2 throwing nets (quivered)
Armour
 a - a +0 plate armour
 c - a +0 shield (worn)
 g - a +0 pair of boots (worn)
 l - a +0 troll leather armour
 C - a +0 pair of gloves (worn)
 I - a +0 helmet (worn)
 Y - the +2 robe of Imperfection (worn) {+Inv MR+++ Str-3 Int-5}
   (You found it on level 5 of the Lair of Beasts)

   It affects your strength (-3).
   It affects your intelligence (-5).
   It affects your resistance to hostile enchantments.
   It lets you turn invisible.
Jewellery
 b - an uncursed amulet of guardian spirit
 k - a ring of poison resistance (left hand)
 n - a +5 ring of dexterity
 r - a +3 ring of dexterity
 B - an uncursed amulet of the acrobat
 E - an uncursed ring of stealth
 F - an uncursed ring of flight
 G - an amulet of regeneration (around neck)
 J - a ring of see invisible (right hand)
 U - an uncursed amulet of the gourmand
Wands
 p - a wand of flame (7)
 z - a wand of disintegration (11)
 D - a wand of digging (5)
 K - a wand of paralysis (4)
 Q - a wand of random effects (54)
 R - a wand of iceblast (14)
 W - a wand of acid (4)
Scrolls
 h - 6 scrolls of magic mapping
 i - 10 scrolls of teleportation
 m - 5 scrolls of fog
 o - 7 scrolls of enchant weapon
 u - 6 scrolls of remove curse
 x - 3 scrolls of fear
 N - 3 scrolls of identify
 X - a scroll of enchant armour {unknown}
Potions
 e - 3 potions of haste
 j - 2 potions of curing
 s - 2 potions of brilliance
 t - a potion of ambrosia
 w - 3 potions of agility
 A - 3 potions of flight
 H - a potion of might
Miscellaneous
 L - a crystal ball of energy
Comestibles
 f - 18 rations


   Skills:
 + Level 12.7(9.7) Fighting
 + Level 17.3(14.2) Axes
 + Level 3.6(7.8) Polearms
 + Level 11.7(8.8) Armour
 + Level 11.9(8.9) Shields
 + Level 0.5(0.0) Evocations


You had 12 spell levels left.
You didn't know any spells.
Your spell library was empty.

Dungeon Overview and Level Annotations

Branches:
Dungeon (13/15)            Temple (1/1) D:7            Lair (5/6) D:8
  Swamp (0/4) Lair:4        Snake (0/4) Lair:2        Slime (0/5) Lair:5
    Orc (2/2) D:12            Elf (0/3) Orc:2
 Vaults: D:13-14

Altars:
Ashenzari
Cheibriados
Dithmenos
Elyvilon
Fedhas
Gozag
Hepliaklqana
Kikubaaqudgha
Makhleb
Nemelex Xobeh
Okawaru
Qazlal
Ru
Trog
Uskayaw
Vehumet
Wu Jian
Xom
Yredelemnul
Zin
The Shining One
Jiyva

Shops:
D:7 *

Annotations:
D:2 1 runed translucent door, Crazy Yiuf
Lair:3 3 runed translucent doors, Seowk's ghost, journeyman OgTm
Lair:5 3 runed translucent doors, Adireryl's ghost, journeyman HOFi
Orc:2 Josephine


Innate Abilities, Weirdness & Mutations

You have sharp toenails.
Your spells are a little easier to cast, but a little less powerful.


Message History

You feel as though you will be slow longer.
You block the wraith's attack. The wraith barely misses you.
The wraith hits you.
* * * LOW HITPOINT WARNING * * *
Josephine hits you with a cursed +0 dagger.
* * * LOW HITPOINT WARNING * * *
You block the wraith's attack.
Josephine points at you and mumbles some strange words.
The ghostly flame explodes!
The ghostly fireball engulfs the wraith.
The wraith completely resists.
The ghostly fireball engulfs the wraith.
The wraith completely resists.
The ghostly fireball engulfs Josephine.
Josephine completely resists.
The ghostly fireball engulfs the wraith.
The wraith completely resists.
The ghostly fireball engulfs the wraith.
The wraith completely resists.
The ghostly fireball engulfs you!!
You feel drained.
You die...

#.............
#.............
#...).........
#............#
#....).......#
#....)........
#.$........#.#
#.....).......
###############W@..)).......
#.............WWWW..........
..............T@............
#...........................
............................
...).....................$..
...)........................
..ooo.....................#.
...#...............#...


You could see Josephine, 5 wraiths and a friendly troll (berserk).

Vanquished Creatures
  Jorgrun (Orc:2)
  4 hydras
  Harold (D:7)
  A catoblepas (Lair:2)
  A two-headed ogre (D:8)
  Erica (D:10)
  An orc knight (Orc:2)
  4 ugly things
  3 black mambas
  3 elephants (Lair:4)
  5 spiny frogs
  2 rime drakes
  6 komodo dragons
  3 trolls
  A polar bear (Lair:4)
  A hornet (D:11)
  3 slime creatures (D:13)
  2 bog bodies (Lair:4)
  4 blink frogs (Lair:1)
  3 hippogriffs
  Sigmund (D:2)
  A wraith (D:12)
  22 yaks
  A wyvern (Lair:3)
  3 hogs (D:9)
  A human (D:9)
  An acid dragon (D:11)
  A soldier ant (D:12)
  17 water moccasins
  4 ice beasts
  8 porcupines
  8 orc warriors
  A sky beast (D:9)
  6 black bears
  A necrophage (D:7)
  2 wolves (D:8)
  A phantom (D:8)
  6 ogres
  14 centaurs
  7 crocodiles
  2 big kobolds
  5 bullfrogs
  2 scorpions
  21 killer bees
  11 wights
  An electric eel (D:10)
  2 crimson imps
  3 bullfrog zombies
  14 jellies
  A quasit (D:8)
  6 hounds
  3 bullfrog skeletons
  10 orc priests
  Ijyb (D:3)
  20 orc wizards
  2 iguanas
  Jessica (D:2)
  4 centaur skeletons
  7 worker ants
  A hound skeleton (D:6)
  Robin (D:4)
  2 worker ant zombies (D:6)
  17 adders
  A shadow imp (D:5)
  An adder zombie (D:5)
  3 adder skeletons
  3 worms
  A dart slug (D:3)
  9 leopard geckos
  42 orcs
  4 ball pythons
  6 giant cockroaches
  12 goblins
  6 hobgoblins
  2 jackals (D:4)
  9 kobolds
  6 quokkas
  9 bats
  7 frilled lizards
  7 rats
  3 bushes (D:6)
  A fungus (Lair:2)
  2 plants
427 creatures vanquished.

Vanquished Creatures (collateral kills)
  2 jellies (Lair:5)
2 creatures vanquished.

Vanquished Creatures (others)
  6 goblins (D:4)
  2 hobgoblins (D:4)
  4 fungi
  4 plants
16 creatures vanquished.

Grand Total: 445 creatures vanquished

Notes
Turn   | Place    | Note
-------+----------+-------------------------------------------
     0 | D:1      | Malga the Hill Orc Fighter began the quest for the Orb.
     0 | D:1      | Reached XP level 1. HP: 19/19 MP: 1/1
    65 | D:1      | Reached XP level 2. HP: 22/27 MP: 2/2
   468 | D:1      | Reached skill level 3 in Axes
   633 | D:2      | Reached XP level 3. HP: 24/33 MP: 3/3
   686 | D:2      | Reached XP level 4. HP: 26/40 MP: 4/4
   693 | D:2      | Noticed Jessica
   698 | D:2      | Killed Jessica
   698 | D:2      | Reached skill level 4 in Axes
  1248 | D:2      | Reached XP level 5. HP: 46/46 MP: 5/5
  1284 | D:2      | Noticed Sigmund
  1311 | D:2      | Killed Sigmund
  1311 | D:2      | Reached skill level 5 in Axes
  1311 | D:2      | Reached XP level 6. HP: 17/53 MP: 6/6
  1611 | D:2      | Found a runed translucent door.
  1612 | D:2      | Noticed Crazy Yiuf
  1690 | D:3      | Found an ancient bone altar of Kikubaaqudgha.
  1897 | D:3      | Noticed Ijyb
  1902 | D:3      | Killed Ijyb
  1902 | D:3      | Reached skill level 1 in Polearms
  2201 | D:3      | Noticed an ice beast
  2208 | D:3      | Killed an ice beast
  2208 | D:3      | Reached XP level 7. HP: 27/60 MP: 7/7
  2808 | D:4      | Noticed Robin
  2813 | D:4      | Killed Robin
  2825 | D:4      | Gained mutation: Your spells are a little easier to cast,
                  | but a little less powerful. [potion of mutation]
  2825 | D:4      | Gained mutation: You have sharp toenails. [potion of
                  | mutation]
  2842 | D:4      | Found a radiant altar of Vehumet.
  3296 | D:4      | Reached skill level 6 in Axes
  3308 | D:4      | Reached skill level 5 in Fighting
  3809 | D:5      | Entered Level 5 of the Dungeon
  3822 | D:5      | Reached skill level 5 in Armour
  3867 | D:5      | Reached skill level 5 in Shields
  3879 | D:5      | Found a shadowy altar of Dithmenos.
  4019 | D:5      | Reached XP level 8. HP: 68/68 MP: 8/8
  4043 | D:5      | Reached skill level 7 in Axes
  4994 | D:6      | Found a bloodstained altar of Trog.
  5041 | D:6      | Found a blossoming altar of Fedhas.
  5278 | D:6      | Became a worshipper of Trog the Wrathful
  5325 | D:7      | Noticed Harold
  5341 | D:7      | Killed Harold
  5341 | D:7      | Reached skill level 9 in Axes
  5341 | D:7      | Reached XP level 9. HP: 43/75 MP: 4/9
  5515 | D:7      | Found a staircase to the Ecumenical Temple.
  5515 | D:7      | Found Fidakup's Assorted Antiques.
  5521 | D:7      | Bought a scroll of identify for 68 gold pieces
  5982 | D:7      | Bought a pair of gloves for 153 gold pieces
  5994 | Temple   | Entered the Ecumenical Temple
  6250 | D:8      | Reached skill level 10 in Axes
  6397 | D:8      | Reached * piety under Trog
  6404 | D:8      | Reached skill level 11 in Axes
  6422 | D:8      | Reached XP level 10. HP: 45/85 MP: 6/10
  6540 | D:8      | Noticed a two-headed ogre
  6547 | D:8      | Killed a two-headed ogre
  6547 | D:8      | Reached skill level 12 in Axes
  6557 | D:8      | Found a staircase to the Lair.
  7011 | D:8      | Reached ** piety under Trog
  7126 | Lair:1   | Entered Level 1 of the Lair of Beasts
  7126 | Lair:1   | Noticed a five-headed hydra
  7556 | D:9      | Reached skill level 13 in Axes
  7686 | D:10     | Entered Level 10 of the Dungeon
  7904 | D:10     | Reached XP level 11. HP: 77/96 MP: 11/11
  8149 | D:10     | Noticed Erica
  8157 | D:10     | Killed Erica
  8157 | D:10     | Reached skill level 14 in Axes
  8344 | D:11     | Reached *** piety under Trog
  8885 | D:11     | Noticed a purple ugly thing
  8892 | D:11     | Killed a purple ugly thing
  9225 | D:12     | Reached skill level 10 in Fighting
  9245 | D:13     | HP: 1/98 [large slime creature (29)]
  9252 | D:13     | HP: 2/99 [large slime creature (15)]
  9258 | D:13     | Reached skill level 15 in Axes
  9483 | D:12     | Reached **** piety under Trog
  9485 | D:12     | Reached XP level 12. HP: 81/107 MP: 12/12
  9569 | D:12     | Found a staircase to the Orcish Mines.
  9721 | D:12     | Reached skill level 10 in Shields
 10208 | D:8      | Killed a 16-headed hydra
 10371 | Lair:1   | Reached skill level 16 in Axes
 10397 | Lair:1   | Reached ***** piety under Trog
 10405 | Lair:1   | Reached skill level 10 in Armour
 10568 | Lair:1   | Noticed a six-headed hydra
 10581 | Lair:1   | Killed a 14-headed hydra
 11311 | Lair:2   | Found a staircase to the Snake Pit.
 11335 | Lair:2   | Noticed a catoblepas
 11344 | Lair:2   | Killed a catoblepas
 11552 | Lair:2   | Reached XP level 13. HP: 116/116 MP: 13/13
 12419 | Lair:3   | Found a runed translucent gate.
 12419 | Lair:3   | Found a runed translucent gate.
 12420 | Lair:3   | Found a runed translucent gate.
 12421 | Lair:3   | Noticed Seowk's ghost (journeyman OgTm)
 12434 | Lair:3   | Found a viscous altar of Jiyva.
 13134 | Lair:4   | Found a staircase to the Swamp.
 13583 | Lair:5   | Got a shadowed robe
 13612 | Lair:5   | Found a staircase to the Slime Pits.
 13618 | Lair:5   | Received a gift from Trog
 13885 | Lair:5   | Noticed Adireryl's ghost (journeyman HOFi)
 13942 | Lair:5   | Found a runed translucent gate.
 13942 | Lair:5   | Found a runed translucent gate.
 13943 | Lair:5   | Found a runed translucent gate.
 14260 | Lair:5   | Identified the +2 robe of Imperfection {+Inv MR+++ Str-3
                  | Int-5} (You found it on level 5 of the Lair of Beasts)
 14404 | Orc:1    | Entered Level 1 of the Orcish Mines
 14461 | Orc:2    | Entered Level 2 of the Orcish Mines
 14831 | Orc:2    | Noticed Josephine
 14894 | Orc:2    | Noticed Jorgrun
 14897 | Orc:2    | Found a staircase to the Elven Halls.
 14913 | Orc:2    | Killed Jorgrun
 14913 | Orc:2    | Reached skill level 17 in Axes
 15412 | Orc:2    | Killed from afar by Josephine

Levels and vault maps discovered:
D:1:      ncdulo_lavacross, layout_loops_ring
D:2:      layout_rooms, uniq_sigmund, uniq_crazy_yiuf_cottage, uniq_jessica
D:3:      layout_loops_corners, led_sif_book, kiku_gazebo_pond_becter,
          first_ration, uniq_ijyb
D:4:      layout_basic, fiery_altar_vehumet, uniq_robin
D:5:      layout_basic, nicolae_dithmenos_the_darkroom
D:6:      layout_basic, lightli_temple_of_fire, fedhas_bush_and_centaur_altar
D:7:      layout_layer_cave, minmay_temple_entry_wispy, serial_shops, shop,
          uniq_harold
D:8:      layout_loops_ring, minmay_lair_entry_grove
D:9:      layout_cave_pools, grunt_livestock
D:10:     layout_roguey, chequers_jeans, nicolae_water_bricks,
          nrook_mini_vaults, uniq_erica
D:11:     layout_loops_corners
D:12:     layout_cave_pools, erik_orc_3, minmay_holes, uniq_frances
D:13:     layout_basic, small_statue_intersection, jmf_multi_god_temple2
Temple:   hc_temple_tempest_star
Lair:1:   layout_chaotic_city
Lair:2:   layout_chaotic_city, minmay_snake_entry_six_corridors,
          guppyfry_lair_drakes
Lair:3:   layout_roguey, gammafunk_ghost_ooze
Lair:4:   layout_regular_city, skrybe_swamp_entry_bodies, grunt_megastairs_5,
          serial_bayou_shore_b
Lair:5:   layout_gridlike, minmay_slime_entry_jelly_boxes, serial_forest,
          infiniplex_forest_diagonal, infiniplex_forest_lined_corner,
          infiniplex_forest_clump_double, infiniplex_forest_clump_tiny,
          infiniplex_forest_end_3, infiniplex_forest_straight_2,
          infiniplex_forest_side_room, gammafunk_ghost_split
Orc:1:    layout_diamond_mine, enter_bailey_2, basic_altar
Orc:2:    st_orc_elflike, layout_diamond_mine, uniq_jorgrun, uniq_josephine

Skill      XL: |  1  2  3  4  5  6  7  8  9 10 11 12 13 |
---------------+----------------------------------------+-----
Fighting       | 4 5 6 7 9 10 11 12 | 12.7
Axes           | 3 4 5 6 9 11 13 15 16 17 | 17.3
Armour         | 4 5 6 7 8 9 10 11 | 11.7
Shields        | 4 5 6 7 8 9 11 | 11.9
Polearms       | 2 3 |  3.6
Evocations     | |  0.5

Action                   |  1- 3 |  4- 6 |  7- 9 | 10-12 | 13-15 || total
-------------------------+-------+-------+-------+-------+-------++-------
Melee: War axe           |    74 |    99 |    65 |   619 |   185 ||  1042
       Scythe            |       |    74 |    11 |       |       ||    85
       Hand axe          |       |       |   213 |       |       ||   213
       Kick              |       |       |    94 |    95 |       ||   189
       Broad axe         |       |       |       |       |   119 ||   119
Invok: Berserk           |       |       |       |     2 |     3 ||     5
       Brothers in Arms  |       |       |       |       |     2 ||     2
Evoke: Wand              |       |       |       |     4 |       ||     4
  Use: Potion            |       |     5 |     8 |     3 |     3 ||    19
       Scroll            |       |       |     8 |     9 |     3 ||    20
  Eat: Ration            |       |     1 |     4 |     6 |     5 ||    16
       Chunk             |       |     1 |       |       |       ||     1
Armor: Scale mail        |    48 |    75 |     5 |       |       ||   128
       Plate armour      |       |       |   124 |   285 |    83 ||   492
       Robe              |       |       |       |       |    18 ||    18
Dodge: Dodged            |    30 |    89 |    35 |   121 |    71 ||   346
Block: Shield            |    50 |    66 |   113 |   355 |   158 ||   742
